 Dungeon Crawl Stone Soup version 0.29-a0-473-gacb4ef3bc5 (webtiles) character file.

Game seed: 1493255417365225341

143 Bruhh the Insei (level 5, -4/41 HPs)
             Began as a Barachi Transmuter on May 23, 2022.
             Slain by a gnoll
             ... wielding a +0 halberd
              (13 damage)
             ... on level 3 of the Dungeon.
             The game lasted 00:03:37 (2329 turns).

Bruhh the Insei (Barachi Transmuter)                Turns: 2329, Time: 00:03:38

Health: -4/41      AC:  2    Str: 11    XL:     5   Next: 25%
Magic:  10/10      EV: 11    Int: 16    God:
Gold:   55         SH:  3    Dex: 12    Spells: 9/10 levels left

rFire   . . .      SeeInvis .   f - +1 spear (venom)
rCold   . . .      Faith    .   g - +0 buckler
rNeg    . . .      Spirit   .   a - +0 robe
rPois   .          Reflect  .   (no helmet)
rElec   .          Harm     .   (no cloak)
rCorr   .          Rampage  .   (no gloves)
Will    .....                   (no boots)
Stlth   +.........              (no amulet)
HPRegen 0.13/turn               (no ring)
MPRegen 0.12/turn               (no ring)

@: about to teleport, unable to hop, slow
A: amphibious, slowness 1, strong legs 1, +LOS
a: Hop


You were on level 3 of the Dungeon.
You visited 1 branch of the dungeon, and saw 3 of its levels.

You collected 55 gold pieces.

Inventory:

Hand Weapons
 f - a +1 spear of venom (weapon)
Armour
 a - a +0 robe (worn)
 g - a +0 buckler (worn)
Scrolls
 h - a scroll of blinking


   Skills:
 + Level 3.3 Fighting
 - Level 2.1 Dodging
 + Level 4.3 Unarmed Combat
 + Level 3.3 Spellcasting
 - Level 3.0 Transmutations


You had 9 spell levels left.
You knew the following spells:

 Your Spells              Type           Power      Damage    Failure   Level
a - Beastly Appendage     Tmut           24%        N/A       7%          1

Your spell library contained the following spells:

 Spells                   Type           Power      Damage    Failure   Level
 Wereblood                Tmut           12%        N/A       11%         2
 Spider Form              Tmut/Pois      7%         N/A       36%         3
 Ice Form                 Ice/Tmut       7%         N/A       78%         4
 Animate Dead             Necr           2%         N/A       94%         4
 Borgnjor's Vile Clutch   Necr/Erth      1%         N/A       100%        5
 Death Channel            Necr           1%         N/A       100%        6


Dungeon Overview and Level Annotations

Branches:
Dungeon (3/15)

Altars:

Shops:
D:2 :


Innate Abilities, Weirdness & Mutations

You are amphibious.
You cover ground slowly.
You can hop short distances.
You have an extended range of vision and can be seen from far away.


Message History

The goblin hits you but does no damage.
Reach: f) +1 spear (venom)
Press: ? - help, Dir - move target, f - gnoll
Aim: a gnoll, wielding a +0 whip (about 35% to evade your +1 spear of venom)
Okay, then.
You hit the goblin.
You kill the goblin!
You feel less wooden.
Your +0 robe unmelds from your body.
The gnoll hits you with a +0 whip.
* * * LOW HITPOINT WARNING * * *
The gnoll hits you with a +0 whip.
* * * LOW HITPOINT WARNING * * *
Okay, then.
Hop to where?
Press: ? - help, Dir - move target Boing!
It was a potion of cancellation.
You feel magically purged.
It was a potion of heal wounds.
You feel much better. The frilled lizard barely misses you.
Casting: Beastly Appendage (safe; 7% risk of failure)
Confirm with . or Enter, or press ? or * to list all spells.
Okay, then.
As you read the scroll of teleportation, it crumbles to dust.
You feel strangely unstable. The gnoll closely misses you.
The frilled lizard bites you but does no damage.
The frilled lizard attacks as you move away!
The frilled lizard bites you. The goblin hits you with a +0 club.
The gnoll attacks as you move away! The gnoll barely misses you.
The goblin attacks as you move away! The goblin hits you with a +0 club.
A goblin and a gnoll come into view.
Found a dagger.
The gnoll shouts!
An adder comes into view.
The frilled lizard attacks as you move away!
The frilled lizard bites you but does no damage.
The gnoll attacks as you move away! The gnoll hits you with a +0 whip.
* * * LOW HITPOINT WARNING * * *
The goblin attacks as you move away! The goblin barely misses you.
The gnoll hits you from afar with a +0 halberd!
You die...

..)...g .....S.
....... .......
....... #.
....... ....
#.....####......
##.@.g....#
##.g####.#.#
#.l.g....#.
##...g......#
#.)..........
#)#....##.#....
#)#.##.##.#....
#))).#.......#.
###...)........


You could see 2 gnolls and a frilled lizard.

Vanquished Creatures
  Robin (D:3)
  4 gnolls (D:3)
  3 adders
  A dart slug (D:2)
  4 ball pythons
  4 bats
  3 endoplasms (D:1)
  2 giant cockroaches
  16 goblins
  6 hobgoblins
  8 kobolds
  A quokka (D:1)
  3 frilled lizards
  7 rats
63 creatures vanquished.

Notes
Turn   | Place    | Note
-------+----------+-------------------------------------------
     0 | D:1      | Bruhh the Barachi Transmuter began the quest for the Orb.
     0 | D:1      | Reached XP level 1. HP: 15/15 MP: 3/3
   162 | D:1      | Reached XP level 2. HP: 21/21 MP: 3/5
   544 | D:1      | Reached XP level 3. HP: 19/27 MP: 4/6
  1718 | D:2      | Reached XP level 4. HP: 31/34 MP: 6/8
  2013 | D:2      | Found Kopp's Book Shoppe.
  2225 | D:3      | Reached skill level 4 in Unarmed Combat
  2286 | D:3      | Noticed Robin
  2306 | D:3      | Killed Robin
  2319 | D:3      | Reached XP level 5. HP: 26/41 MP: 9/9
  2322 | D:3      | HP: 2/41 [gnoll/+0 whip (6)]
  2329 | D:3      | Slain by a gnoll

Illustrated notes

Levels and vault maps discovered:
D:1:      saegor_arrival_simple_c, layout_basic
D:2:      layout_basic, serial_shops, shop_fountains, minmay_distorted
D:3:      layout_rooms, uniq_robin, uniq_grinder, uniq_ijyb, uniq_jessica

Skill      XL: |  1  2  3  4 |
---------------+-------------+-----
Fighting       | 2 3 |  3.3
Transmutations | 3 |  3.0
Unarmed Combat | 4 |  4.3
Spellcasting   | 3 |  3.3
Dodging        | |  2.1

Action                   |  1- 3 |  4- 6 || total
-------------------------+-------+-------++-------
Melee: Unarmed           |    85 |       ||    85
       Headbutt          |     8 |     1 ||     9
       Punch             |     2 |       ||     2
       Kick              |     8 |     2 ||    10
       Spear             |    21 |    56 ||    77
 Cast: Beastly Appendage |    16 |     9 ||    25
 Abil: Hop               |       |     1 ||     1
  Use: Potion            |     1 |     3 ||     4
       Scroll            |       |     3 ||     3
 Stab: Sleeping          |     1 |     1 ||     2
Armor: Robe              |    29 |     6 ||    35
       Skin              |     3 |    34 ||    37
Dodge: Dodged            |    42 |    21 ||    63
Block: Buckler           |       |     6 ||     6

Table legend: (Time is in decaauts)
 A = Elapsed time spent in this place.
 B = Non-inter-level travel time spent in this place.
 C = Inter-level travel time spent in this place.
 D = Time resting spent in this place.
 E = Time spent auto-exploring this place.
 F = Levels seen in this place.
 G = Mean time per level.
                   A        B        C        D        E       F      G
               +--------+--------+--------+--------+--------+-----+--------+
         Total |   2551 |   2485 |     66 |      0 |   2062 |   3 |  850.3 |
       Dungeon |   2551 |   2485 |     66 |      0 |   2062 |   3 |  850.3 |
               +--------+--------+--------+--------+--------+-----+--------+

Top non-repeatable levels by time:
     D:1: 1322 daAuts
     D:2: 1102 daAuts
     D:3: 126 daAuts
